 Dungeon Crawl Stone Soup version 0.17.0-28-g6e173f8 (console) character file.

57661 Kloppie the Basher (level 14, -7/73 HPs)
             Began as a Vine Stalker Fighter on Nov 25, 2015.
             Was the Champion of Makhleb.
             Killed by divine providence
             ... invoked by an orc priest
              (14 damage)
             ... on level 4 of the Orcish Mines.
             The game lasted 00:51:04 (19689 turns).

Kloppie the Basher (Vine Stalker Fighter)          Turns: 19689, Time: 00:51:04

Health: -7/73      AC: 17    Str: 23    XL:     14   Next: 87%
Magic:  0/29       EV: 13    Int:  8    God:    Makhleb [******]
Gold:   2042       SH: 13    Dex: 15    Spells: 0 memorised, 13 levels left

rFire  + . .     SeeInvis .     a - +8 flail {drain, rElec rPois rC- Dex+2}
rCold  + . .     Clarity  .     o - +0 chain mail "Zuyk" {rC++ rN+} (curse)
rNeg   + + .     SustAt   +     c - +0 shield
rPois  +         Gourm    .     G - +1 hat of Puuh {rF+ rN+ Str+3 Dex-5}
rElec  +         Spirit   +     D - +0 cloak
rCorr  .         Warding  .     S - +0 pair of gloves
rMut   .         Stasis   .     k - +0 pair of boots {Fly}
MR     +....                    Y - amulet of faith
Stlth  ..........               y - ring of magical power
                                C - ring of sustain attributes

@: somewhat resistant to hostile enchantments, extremely unstealthy
A: fangs 3, regeneration 3, magic shield, antimagic bite, no device heal 3, rot
immunity
a: Minor Destruction, Lesser Servant of Makhleb, Major Destruction, Greater
Servant of Makhleb, Renounce Religion, Evoke Flight


You were on level 4 of the Orcish Mines.
You worshipped Makhleb.
Makhleb was exalted by your worship.
You were hungry.

You visited 4 branches of the dungeon, and saw 23 of its levels.
You also visited: Ice Cave.

You collected 2718 gold pieces.
You spent 676 gold pieces at shops.

Inventory:

Hand Weapons
 a - the +8 flail of Resourcefulness (weapon) {drain, rElec rPois rC- Dex+2}
   (You found it on level 9 of the Dungeon)

   A truly terrible weapon, it drains the life of those it strikes.
   It affects your dexterity (+2).
   It makes you vulnerable to cold.
   It insulates you from electricity.
   It protects you from poison.
 b - a +0 blowgun
 O - a +5 eveningstar of venom
Missiles
 t - 4 needles of confusion
 F - 59 poisoned needles
Armour
 c - a +0 shield (worn)
 k - a +0 pair of boots of flying (worn)
 o - the cursed +0 chain mail "Zuyk" (worn) {rC++ rN+}
   (You found it on level 3 of the Lair of Beasts)

   It greatly protects you from cold.
   It protects you from negative energy.
   It has a curse placed upon it.
 D - a +0 cloak (worn)
 E - the +1 leather armour "Zeiw" {MR+ Slay+2}
   (You found it on level 8 of the Dungeon)

   It affects your accuracy and damage with ranged weapons and melee attacks
   (+2).
   It affects your resistance to hostile enchantments.
 G - the +1 hat of Puuh (worn) {rF+ rN+ Str+3 Dex-5}
   (You found it on level 2 of the Orcish Mines)

   It affects your strength (+3).
   It affects your dexterity (-5).
   It protects you from fire.
   It protects you from negative energy.
 S - a +0 pair of gloves (worn)
Jewellery
 d - an uncursed ring of teleportation
 u - an uncursed amulet of resist mutation
 y - a ring of magical power (right hand)
 A - an uncursed amulet of rage
 C - a ring of sustain attributes (left hand)
 H - an uncursed ring of flight
 P - an uncursed ring of see invisible
 W - an uncursed amulet of warding
 Y - an amulet of faith (around neck)
Wands
 I - a wand of disintegration (8)
 Q - a wand of magic darts (20)
 T - a wand of slowing (16)
 U - a wand of magic darts (17)
Scrolls
 f - 6 scrolls of enchant armour
 l - 2 scrolls of immolation
 n - 2 scrolls of recharging
 r - 15 scrolls of remove curse
 v - 5 scrolls of teleportation
 K - a scroll of amnesia
 L - a scroll of magic mapping
 V - 3 scrolls of blinking
Potions
 h - a potion of haste
 i - 4 potions of brilliance
 j - 2 potions of magic
 q - 2 potions of flight
 s - 7 potions of lignification
 w - 2 potions of resistance
 B - 5 potions of curing
 J - 2 potions of invisibility
 R - a potion of berserk rage
 Z - a potion of cancellation
Books
 N - a book of Frost

   Spells                             Type                      Level
   a - Freeze                         Ice                          1
   b - Throw Frost                    Conjuration/Ice              2
   c - Ozocubu's Armour               Charms/Ice                   3
   d - Throw Icicle                   Conjuration/Ice              4
   e - Summon Ice Beast               Ice/Summoning                4
   f - Condensation Shield            Ice                          4
 X - a book of Minor Magic

   Spells                             Type                      Level
   a - Magic Dart                     Conjuration                  1
   b - Blink                          Translocation                2
   c - Call Imp                       Summoning                    2
   d - Repel Missiles                 Charms/Air                   2
   e - Slow                           Hexes                        2
   f - Conjure Flame                  Conjuration/Fire             3
   g - Mephitic Cloud                 Conjuration/Poison/Air       3
Comestibles
 e - 12 bread rations
 p - 9 meat rations


   Skills:
 - Level 8.0 Fighting
 - Level 11.5 Maces & Flails
 - Level 10.2 Armour
 - Level 10.0 Dodging
 + Level 10.8 Shields
 - Level 7.1 Invocations


You had 13 spell levels left.
You didn't know any spells.

Dungeon Overview and Level Annotations

Branches:
Dungeon (11/15)            Temple (1/1) D:4            Lair (7/8) D:10
  Swamp (0/4) Lair:6        Snake (0/4) Lair:3        Slime (0/6) Lair:7
    Orc (4/4) D:11
    Elf: Orc:3-4

Altars:
Ashenzari
Cheibriados
Dithmenos
Elyvilon
Fedhas
Gozag
Kikubaaqudgha
Makhleb
Nemelex Xobeh
Okawaru
Qazlal
Ru
Sif Muna
Trog
Vehumet
Xom
Yredelemnul
Zin
The Shining One

Shops:
Orc:1 *(?%!   Orc:3 }   Orc:4 !}:%

Annotations:
D:4 1 runed door
D:5 exclusion: statue, Eustachio
D:8 exclusion: ice statue


Innate Abilities, Weirdness & Mutations

You have razor-sharp teeth.
You regenerate.
When hurt, damage is shared between your health and your magic reserves.
Your bite disrupts and absorbs the magic of your enemies.
Potions and wands cannot restore your health.
You are immune to rotting.


Message History

Things that are here:
a war axe; a ring mail You are feeling hungry.
The orc priest calls down the wrath of Beogh upon you.
Something smites you!
* * * LOW HITPOINT WARNING * * *
Read which item? (? for menu, Esc to quit)
As you read the scroll of fog, it crumbles to dust.
The scroll dissolves into smoke.
The orc priest miscasts a cantrip.
Makhleb accepts your kill.
You feel a bit more experienced.
The orc priest calls upon Beogh to heal the orc high priest.
The orc high priest's wounds heal themselves!
The orc priest calls down the wrath of Beogh upon you.
Something smites you!
* * * LOW HITPOINT WARNING * * *
The orc priest mumbles some strange prayers to Beogh against you.
Something smites you!
You die...

.......................##
....................#...####
.....................#.....
...<................#.....#
.....<.....)........$....#
...........)............# ....
..........))........##..#......
.........)........##.#..#......
................@.3.....#.....# .
...................o....#....###.
.#...................o..#..#..#..
#......#............4.§§§..##...#
##....#......##.......§oo..# ...∩
##...........#...##..§o).)##o.o#
#...............##....#..#..#..
.............#....#.4oo###.
...#...#.....#...#..4o.#).


You could see an ice devil, an orc high priest, a rust devil, 2 orc priests and
an orc wizard.

Vanquished Creatures
  Maud (Lair:3)
  Josephine (D:10)
  4 hydras
  2 ice dragons (IceCv)
  Erolcha (D:8)
  Urug (Lair:2)
  2 orc high priests (Orc:4)
  Nergalle (Lair:3)
  2 orc knights
  The ghost of DeXoteric the Destroyer, a novice DECj of Vehumet (D:9)
  A griffon (Lair:4)
  An orc sorcerer (Orc:1)
  Joseph (D:7)
  3 torpor snails
  2 ice statues (IceCv)
  8 elephants
  A centaur skeleton (D:11)
  6 black mambas
  8 spiny frogs
  A kobold demonologist (D:10)
  7 komodo dragons
  2 trolls
  2 fire drakes (Lair:5)
  2 polar bears
  A boulder beetle (Lair:6)
  5 blink frogs
  2 slime creatures (Lair:7)
  5 deep elf magi
  60 yaks
  10 hippogriffs
  3 wraiths (D:10)
  4 fire bats (Orc:2)
  A spriggan (D:9)
  A steam dragon (Lair:4)
  A basilisk (D:9)
  Grum (D:8)
  A hungry ghost (D:11)
  6 swamp worms (Lair:6)
  13 wolves
  3 nagas (Lair:3)
  6 wargs
  17 water moccasins
  A soldier ant (D:11)
  18 ice beasts
  21 orc warriors
  3 black bears
  A swamp drake (Orc:2)
  2 phantoms
  12 porcupines
  2 sky beasts
  2 necrophages (D:6)
  4 centaurs
  2 eyes of draining (D:7)
  23 crocodiles
  3 big kobolds
  11 ogres
  20 giant frogs
  A gnoll sergeant (D:10)
  5 scorpions
  A water moccasin skeleton (D:10)
  3 wights (D:7)
  3 electric eels
  5 crimson imps
  24 orc priests
  A quasit (D:5)
  6 jellies
  3 hounds
  2 giant frog skeletons
  14 iguanas
  An iron imp (Orc:2)
  31 orc wizards
  7 worker ants
  5 sheep
  2 hound zombies
  2 worker ant zombies
  19 gnolls
  11 adders
  39 river rats
  4 shadow imps
  13 white imps
  An adder zombie (D:7)
  4 worms
  An adder skeleton (D:4)
  9 giant geckos
  143 orcs
  A ball python (D:2)
  5 giant cockroaches
  11 goblins
  11 hobgoblins
  3 jackals (D:3)
  20 kobolds
  8 quokkas
  2 bats (D:3)
  A giant gecko skeleton (D:6)
  15 giant newts
  2 quokka skeletons (D:9)
  7 rats
772 creatures vanquished.

Vanquished Creatures (collateral kills)
  An orc high priest (Orc:4)
  An orc warrior (Orc:4)
  An orc wizard (Orc:4)
  2 orc priests (Orc:4)
5 creatures vanquished.

Vanquished Creatures (others)
  An orc (D:8)
  A giant newt (Lair:1)
  3 fungi
5 creatures vanquished.

Grand Total: 782 creatures vanquished

Notes
Turn   | Place    | Note
--------------------------------------------------------------
     0 | D:1      | Kloppie the Vine Stalker Fighter began the quest for the Orb.
     0 | D:1      | Reached XP level 1. HP: 11/11 MP: 2/2
   458 | D:1      | Reached XP level 2. HP: 16/16 MP: 3/3
  1152 | D:2      | Reached skill level 3 in Maces & Flails
  1194 | D:2      | Reached XP level 3. HP: 19/19 MP: 4/4
  1897 | D:3      | Found a shadowy altar of Dithmenos.
  1952 | D:3      | You fall through a shaft for 3 floors!
  1991 | D:6      | Reached skill level 4 in Maces & Flails
  1991 | D:6      | Reached XP level 4. HP: 23/23 MP: 5/5
  2213 | D:6      | Noticed a necrophage
  2223 | D:6      | Killed a necrophage
  2223 | D:6      | Reached skill level 5 in Maces & Flails
  2223 | D:6      | Reached XP level 5. HP: 23/27 MP: 4/6
  2446 | D:6      | Gained mutation: You heal very quickly. [Vine Stalker growth]
  2446 | D:6      | Reached XP level 6. HP: 30/32 MP: 7/7
  2558 | D:6      | Noticed a necrophage
  2566 | D:6      | Killed a necrophage
  2566 | D:6      | Reached skill level 6 in Maces & Flails
  2576 | D:5      | Entered Level 5 of the Dungeon
  2577 | D:5      | Found an iron altar of Okawaru.
  2709 | D:4      | Found a white marble altar of Elyvilon.
  2710 | D:4      | Found a runed door.
  2710 | D:4      | Noticed an angel
  2782 | D:4      | Noticed Eustachio
  2809 | D:3      | Reached XP level 7. HP: 28/35 MP: 8/8
  3299 | D:4      | Found a staircase to the Ecumenical Temple.
  3310 | Temple   | Entered the Ecumenical Temple
  3410 | Temple   | Became a worshipper of Makhleb the Destroyer
  3433 | D:4      | Found a white marble altar of Elyvilon.
  4011 | D:5      | Found a radiant altar of Vehumet.
  4233 | D:5      | Reached skill level 7 in Maces & Flails
  4738 | D:5      | Reached skill level 5 in Fighting
  4738 | D:5      | Gained mutation: You have razor-sharp teeth. [Vine Stalker growth]
  4738 | D:5      | Reached XP level 8. HP: 37/43 MP: 9/9
  4894 | D:5      | Reached * piety under Makhleb
  5006 | D:5      | Found a shimmering altar of Xom.
  5719 | D:6      | Noticed an orc warrior
  5728 | D:6      | Killed an orc warrior
  5728 | D:6      | Reached ** piety under Makhleb
  6160 | D:6      | Noticed an ogre
  6160 | D:6      | Noticed a giant frog
  6163 | D:6      | Killed an ogre
  6166 | D:6      | Killed a giant frog
  6534 | D:7      | Reached skill level 8 in Fighting
  6534 | D:7      | Reached XP level 9. HP: 51/51 MP: 10/10
  6894 | D:7      | Noticed Joseph
  6899 | D:7      | Reached *** piety under Makhleb
  6928 | D:7      | Killed Joseph
  6928 | D:7      | Reached skill level 5 in Armour
  7003 | D:7      | Found a bloodstained altar of Trog.
  7218 | D:8      | Noticed an ice statue
  7383 | D:8      | Noticed Grum
  7403 | D:8      | Reached XP level 10. HP: 38/56 MP: 11/11
  7421 | D:8      | Reached **** piety under Makhleb
  7443 | D:8      | Killed Grum
  7513 | D:8      | Found a sparkling altar of Nemelex Xobeh.
  7516 | D:8      | Found a basalt altar of Yredelemnul.
  7574 | D:8      | Found a shattered altar of Ashenzari.
  7576 | D:8      | Got a crude leather armour
  7714 | D:8      | Noticed Erolcha
  7733 | D:8      | Killed Erolcha
  7733 | D:8      | Reached skill level 9 in Armour
  7972 | D:8      | Found a glowing silver altar of Zin.
  8164 | D:9      | Got an ichor-stained flail
  8333 | D:9      | Identified the +8 flail of Resourcefulness {drain, rElec rPois rC- Dex+2} (You found it on level 9 of the Dungeon)
  8428 | D:9      | Identified the +1 leather armour "Zeiw" {MR+ Slay+2} (You found it on level 8 of the Dungeon)
  8559 | D:9      | Noticed DeXoteric's ghost (novice DECj)
  8582 | D:9      | Killed DeXoteric's ghost
  8582 | D:9      | Reached skill level 10 in Armour
  8655 | D:9      | Reached skill level 1 in Dodging
  8663 | D:9      | Reached XP level 11. HP: 60/60 MP: 12/12
  8699 | D:9      | Reached ***** piety under Makhleb
  8961 | D:10     | Entered Level 10 of the Dungeon
  9338 | D:10     | Noticed an ice devil
  9361 | D:10     | Found a staircase to the Lair.
  9464 | D:10     | Noticed Josephine
  9475 | D:10     | Killed Josephine
  9475 | D:10     | Reached skill level 5 in Dodging
  9658 | Lair:1   | Entered Level 1 of the Lair of Beasts
 10225 | Lair:1   | Reached ****** piety under Makhleb
 10616 | Lair:2   | Gained mutation: You regenerate. [Vine Stalker growth]
 10616 | Lair:2   | Reached XP level 12. HP: 62/64 MP: 13/13
 10638 | Lair:2   | Noticed Urug
 10662 | Lair:2   | Killed Urug
 11250 | Lair:2   | Reached skill level 10 in Dodging
 11289 | Lair:2   | Noticed a seven-headed hydra
 11303 | Lair:2   | Killed a seven-headed hydra
 11303 | Lair:2   | Reached skill level 1 in Invocations
 11678 | Lair:3   | Found a staircase to the Snake Pit.
 11794 | Lair:3   | Noticed Nergalle
 11809 | Lair:3   | Killed Nergalle
 11879 | Lair:3   | Got a transparent chain mail
 11912 | Lair:3   | Reached skill level 5 in Invocations
 12329 | Lair:3   | Reached XP level 13. HP: 68/68 MP: 18/18
 12404 | Lair:4   | Noticed a six-headed hydra
 12406 | Lair:4   | Noticed Maud
 12427 | Lair:3   | Killed a six-headed hydra
 12435 | Lair:3   | Killed Maud
 12555 | Lair:4   | Identified the cursed +0 chain mail "Zuyk" {rC++ rN+} (You found it on level 3 of the Lair of Beasts)
 12759 | Lair:4   | Found an ancient bone altar of Kikubaaqudgha.
 12767 | Lair:4   | Got a steaming dagger
 13601 | Lair:5   | Reached skill level 10 in Maces & Flails
 14582 | Lair:6   | Found a staircase to the Swamp.
 14592 | Lair:6   | Reached skill level 5 in Shields
 15039 | Lair:7   | Found a staircase to the Slime Pits.
 15049 | Lair:7   | Reached skill level 11 in Maces & Flails
 15101 | Lair:7   | Reached XP level 14. HP: 73/73 MP: 20/20
 16136 | D:11     | Found a frozen archway.
 16165 | IceCv    | Entered an ice cave
 17273 | D:11     | Found a staircase to the Orcish Mines.
 17354 | Orc:1    | Entered Level 1 of the Orcish Mines
 17400 | Orc:1    | Found Zuuvuis's Distillery.
 17867 | Orc:2    | Got a scorched hat
 17880 | Orc:2    | Got a brightly glowing hat
 18352 | Orc:2    | Identified the +2 hat "Sanedul" {+Fly Dex+2} (You found it on level 2 of the Orcish Mines)
 18362 | Orc:2    | Identified the +1 hat of Puuh {rF+ rN+ Str+3 Dex-5} (You found it on level 2 of the Orcish Mines)
 18479 | Orc:1    | Found Xihat's Magic Scroll Shop.
 18483 | Orc:1    | Bought a scroll of acquirement for 676 gold pieces
 18545 | Orc:1    | Found Juit's Weapon Emporium.
 18609 | Orc:1    | Found Nurex's General Store.
 18675 | Orc:1    | Found Buwnyiwk's Food Shoppe.
 18766 | Orc:3    | Reached skill level 10 in Shields
 18813 | Orc:3    | Found Zucrit's Quality Used Wands.
 19353 | Orc:4    | Entered Level 4 of the Orcish Mines
 19657 | Orc:4    | Found Voxoem Biplo's Distillery.
 19657 | Orc:4    | Found Xioghali's Gadget Emporium.
 19658 | Orc:4    | Found Itwoidi's Food Shoppe.
 19661 | Orc:4    | Found Ybucw's Book Shoppe.
 19689 | Orc:4    | Killed from afar by an orc priest

Action                   |  1- 3 |  4- 6 |  7- 9 | 10-12 | 13-15 || total
-------------------------+-------+-------+-------+-------+-------++-------
Melee: Flail             |   113 |    74 |   510 |   701 |  1074 ||  2472
Invok: Lesser Servant of |       |       |       |       |     2 ||     2
 Abil: Stop Flying       |       |       |       |       |     1 ||     1
  Use: Potion            |       |     1 |       |     4 |     1 ||     6
       Scroll            |       |       |    12 |    12 |    11 ||    35
 Stab: Sleeping          |       |       |       |     4 |     2 ||     6
       Distracted        |       |       |       |     1 |     1 ||     2
  Eat: Chunk             |     3 |     3 |     9 |    17 |    26 ||    58
       Fruit             |       |       |     2 |       |       ||     2
       Meat ration       |       |       |     1 |       |       ||     1
